 Dungeon Crawl Stone Soup version 0.17-a0-627-g5cb7d3e (webtiles) character file.

80 wotan the Skirmisher (level 4, -1/41 HPs)
             Began as a Minotaur Berserker on Apr 16, 2015.
             Was a Believer of Trog.
             Slain by Grinder (10 damage)
             ... on level 3 of the Dungeon.
             The game lasted 00:20:57 (1213 turns).

wotan the Skirmisher (Minotaur Berserker)           Turns: 1213, Time: 00:20:57

Health: -1/41      AC:  3    Str: 22    XL:     4   Next: 18%
Magic:  3/3        EV: 12    Int:  4    God:    Trog [**....]
Gold:   83         SH:  0    Dex: 10    Spells: 0 memorised, 3 levels left

rFire  . . .     SeeInvis .     a - +0 spear
rCold  . . .     Clarity  .     h - +0 leather armour
rNeg   . . .     SustAb   .     (no shield)
rPois  .         Gourm    .     (helmet restricted)
rElec  .         Spirit   .     (no cloak)
rCorr  .         Warding  .     (no gloves)
rMut   .         Stasis   .     (no boots)
MR     .....                    (no amulet)
Stlth  +.........               (no ring)
                                (no ring)

@: not resistant to hostile enchantments, very unstealthy
A: retaliatory headbutt, horns 2
a: Burn Spellbooks, Berserk, Trog's Hand, Renounce Religion


You were on level 3 of the Dungeon.
You worshipped Trog.
Trog was pleased with you.
You were not hungry.

You visited 1 branch of the dungeon, and saw 3 of its levels.

You collected 83 gold pieces.

Inventory:

Hand weapons
 a - a +0 spear (weapon)
 d - a +0 club
 e - a +0 dagger
 g - a +0 dagger
 j - a +0 spear
 k - a +0 hand axe
 q - a +0 dagger
 s - a +0 club
 w - a +0 falchion
Missiles
 p - 17 arrows of dispersal
Armour
 b - a +0 animal skin
 h - a +0 leather armour (worn)
 i - a +0 robe
 l - a +0 helmet
 u - a +0 robe
 y - a +0 ring mail
Scrolls
 m - a scroll of recharging
 t - a scroll of fear
 x - a scroll of blinking
Potions
 o - a potion of agility {unknown}
 z - a potion of brilliance {unknown}
 B - 2 potions of resistance {unknown}
Comestibles
 c - 2 bread rations
 f - 2 beef jerkies
 n - 2 meat rations
 r - 7 chunks of flesh
 v - 2 slices of pizza
 A - a fruit


   Skills:
 + Level 4.5 Fighting
 + Level 4.3 Polearms
 + Level 2.6 Armour
 + Level 3.5 Dodging
 + Level 0.1 Stealth


You had 3 spell levels left.
You didn't know any spells.

Dungeon Overview and Level Annotations

Branches:
Dungeon (3/15)

Altars:
Kikubaaqudgha
Ru

Annotations:
D:3 Grinder


Innate Abilities, Weirdness & Mutations

You reflexively headbutt those who attack you in melee.
You have a pair of horns on your head.


Message History

Grinder hits you.
You writhe in agony.
You hit Grinder. You headbutt Grinder.
Grinder is severely wounded.
Grinder hits you but does no damage.
You hit Grinder. Your headbutt misses Grinder.
Grinder is almost dead.
Grinder barely misses you.
You hit Grinder.
Grinder is almost dead.
Grinder closely misses you.
You closely miss Grinder. Your headbutt misses Grinder.
Grinder is almost dead.
Grinder gestures at you. Pain shoots through your body!
* * * LOW HITPOINT WARNING * * *
You closely miss Grinder. You headbutt Grinder.
Grinder is almost dead.
Grinder says, "Mostly I couldn't keep them alive."
Grinder hits you!
You die...

#### ##..#### #......#
#....#.##
#.#####..##..########
......................
#..
#.######.###@........
#.!##.#
####.###5########
#..##.# #.........#
#..##.# #...(.....#
#..##.# #.........#
#(....###.#...###...
..##...##.#.#.# ##
..##...##...#.#
....#..#...#..#


You could see Grinder.

Vanquished Creatures
  3 adders
  An ooze (D:3)
  4 giant geckos
  5 bats
  2 giant cockroaches
  2 goblins
  7 hobgoblins
  A kobold (D:3)
  3 quokkas (D:2)
  4 giant newts (D:1)
  5 jackals (D:2)
  8 rats
45 creatures vanquished.

Notes
Turn   | Place    | Note
--------------------------------------------------------------
     0 | D:1      | wotan, the Minotaur Berserker, began the quest for the Orb.
     0 | D:1      | Reached XP level 1. HP: 19/19 MP: 0/0
   162 | D:1      | Reached skill level 4 in Fighting
   174 | D:1      | Reached XP level 2. HP: 22/27 MP: 1/1
   634 | D:2      | Reached XP level 3. HP: 7/34 MP: 2/2
   716 | D:2      | Acquired Trog's second power
   822 | D:2      | Found a sacrificial altar of Ru.
   872 | D:2      | Found an ancient bone altar of Kikubaaqudgha.
  1115 | D:3      | Reached XP level 4. HP: 41/41 MP: 3/3
  1185 | D:3      | Noticed Grinder
  1186 | D:3      | Paralysed by Grinder for 2 turns
  1213 | D:3      | Slain by Grinder

Action                   |  1- 3 |  4- 6 || total
-------------------------+-------+-------++-------
Melee: Spear             |    75 |    29 ||   104
  Use: Scroll            |     9 |       ||     9
  Eat: Chunk             |     1 |       ||     1
